AoeStats
← Jeffrey Epstein

Oasis

509977934Analyzed
4v4 RM · 3d ago on Sep 28, 2026· 57m 19s· 8 players
Game mode
Random Map
Map size
Large (8 player)
Population
200
Speed
Normal
Resources
Standard
Victory
Conquest
Starting age
Dark Age
Ending age
Imperial Age
RankedLock teamsTeams togetherTeam positionsShared explorationLock speedFull tech treeHidden civsTurbo modeCheats
Victory
Defeat
🇺🇸 Saracens · United States
945
+12
🇨🇿 Khmer · Czechia
913
+13
🇺🇸 Japanese · United States
904
+14
🇺🇸 Danes · United States
875
+15
🇦🇷 Bulgarians · Argentina
912
-16
🇦🇷 Vietnamese · Argentina
910
-38
🇦🇷 Magyars · Argentina
820
-12
🇦🇷 Saracens · Argentina
776
-10
Da G Un1t
11:50 Feudal Age
12:17 Double-Bit Axe
13:12 Horse Collar
20:24 Castle Age
19:13 Padded Archer Armor
20:35 Crossbowman
22:09 Bow Saw
25:49 Fletching
27:06 Thumb Ring
31:16 Leather Archer Armor
31:34 Pikeman
33:16 Forging
33:06 Scale Mail Armor
33:02 Bodkin Arrow
35:17 Iron Casting
34:57 Chain Mail Armor
35:01 Stone Mining
35:06 Gold Mining
36:02 Squires
40:37 Imperial Age
39:31 Elite Skirmisher
40:48 Ballistics
40:24 Murder Holes
41:17 Gold Shaft Mining
40:47 Heavy Plow
41:51 Conscription
40:56 Arbalester
42:12 Plate Mail Armor
43:34 Wheelbarrow
43:59 Ring Archer Armor
43:30 Bracer
44:31 Blast Furnace
45:18 Halberdier
46:02 Caravan
47:30 Elite Samurai
51:13 Kataparuto
52:23 Siege Engineers
52:11 Arson
53:56 Spies/Treason
xFREEtheCHIEFx
0:27 Loom
12:58 Feudal Age
24:52 Castle Age
25:03 Double-Bit Axe
28:20 Stone Mining
33:48 Horse Collar
38:32 Heavy Plow
43:48 Husbandry
43:59 Bloodlines
44:34 Bow Saw
44:40 Gold Mining
45:13 Husbandry
45:24 Bloodlines
44:34 Light Cavalry
47:59 Wheelbarrow
53:19 Imperial Age
51:12 Hand Cart
52:29 Forging
52:25 Scale Barding Armor
52:11 Fletching
54:40 Crossbowman
Prodigy
2:24 Loom
11:43 Feudal Age
15:45 Castle Age
13:43 Double-Bit Axe
17:13 Bow Saw
18:32 Wheelbarrow
24:33 Horse Collar
25:29 Hand Cart
26:14 Man-at-Arms
27:57 Heavy Plow
29:17 Scale Mail Armor
30:15 Town Watch
30:56 Town Patrol
34:05 Imperial Age
32:02 Ballistics
31:59 Chain Mail Armor
31:54 Forging
31:52 Stone Mining
31:53 Gold Mining
34:15 Elite Jomsviking
35:16 Conscription
35:34 Plate Mail Armor
35:39 Iron Casting
35:08 Squires
34:56 Arson
35:07 Hamask
36:19 Masonry
37:10 Fletching
38:30 Blast Furnace
38:18 Hoardings
50:24 Bodkin Arrow
Fluffy
10:38 Feudal Age
14:38 Castle Age
14:18 Loom
14:27 Horse Collar
14:37 Double-Bit Axe
26:10 Bow Saw
26:40 Heavy Plow
27:23 Husbandry
27:34 Bloodlines
32:26 Light Cavalry
33:43 Stone Mining
33:51 Gold Mining
36:42 Gold Shaft Mining
36:45 Stone Shaft Mining
36:28 Fletching
38:58 Wheelbarrow
38:08 Town Watch
39:08 Murder Holes
39:24 Masonry
39:28 Fortified Wall
41:56 Imperial Age
40:43 Scale Barding Armor
40:49 Forging
40:37 Bodkin Arrow
42:37 Ballistics
42:56 Hand Cart
43:45 Chemistry
42:56 Hussar
44:10 Crop Rotation
44:08 Chain Barding Armor
44:23 Iron Casting
44:24 Architecture
44:20 Town Patrol
44:39 Caravan
44:08 Heavy Scorpion
47:30 Plate Barding Armor
47:56 Blast Furnace
46:52 Bodkin Arrow
46:58 Capped Ram
49:15 Siege Ram
49:47 Elite Battle Elephant
49:47 Cavalier
49:51 Onager
50:58 Conscription
50:40 Double Crossbow
50:46 Tusk Swords
50:17 Sappers
51:22 Hoardings
53:19 Bracer
fedetiberio
2:39 Loom
13:01 Feudal Age
13:28 Double-Bit Axe
15:33 Town Watch
17:21 Horse Collar
19:43 Wheelbarrow
20:03 Gold Mining
20:07 Stone Mining
23:04 Castle Age
24:10 Bow Saw
24:03 Town Patrol
24:07 Heavy Plow
26:23 Hand Cart
29:21 Fervor
29:14 Murder Holes
29:40 Ballistics
29:44 Masonry
34:59 Imperial Age
32:50 Caravan
34:21 Squires
34:06 Gambesons
33:41 Pikeman
34:07 Arson
34:23 Fletching
34:39 Scale Barding Armor
35:07 Bimaristan
36:17 Gold Shaft Mining
38:38 Two-Man Saw
38:42 Chemistry
37:49 Siege Engineers
37:44 Bodkin Arrow
39:35 Conscription
39:50 Hoardings
39:30 Counterweights
39:45 Husbandry
39:55 Bloodlines
39:09 Heavy Camel Rider
40:01 Bracer
40:39 Thumb Ring
39:57 Elite Skirmisher
41:51 Padded Archer Armor
42:11 Chain Barding Armor
42:02 Forging
41:53 Scale Mail Armor
42:18 Fortified Wall
42:04 Elite Mameluke
48:38 Plate Barding Armor
48:38 Iron Casting
48:19 Chain Mail Armor
48:19 Leather Archer Armor
jm_lage
1:02 Loom
12:26 Feudal Age
13:02 Double-Bit Axe
19:49 Castle Age
18:11 Bloodlines
19:39 Scale Barding Armor
19:26 Fletching
33:41 Bodkin Arrow
35:39 Thumb Ring
39:13 Wheelbarrow
39:26 Ballistics
39:18 Masonry
38:52 Treadmill Crane
39:55 Padded Archer Armor
41:10 Gold Mining
42:49 Hand Cart
47:29 Husbandry
Camalote
7:32 Loom
7:40 Loom
10:49 Feudal Age
24:01 Castle Age
22:45 Scale Mail Armor
24:23 Forging
25:27 Chain Mail Armor
25:42 Gambesons
30:58 Scale Barding Armor
32:28 Fletching
35:34 Horse Collar
37:07 Wheelbarrow
41:10 Imperial Age
39:37 Stirrups
40:14 Heavy Plow
40:12 Bodkin Arrow
40:18 Padded Archer Armor
40:34 Double-Bit Axe
40:57 Gold Mining
42:44 Plate Mail Armor
42:12 Capped Ram
43:51 Iron Casting
45:10 Blast Furnace
44:27 Onager
46:17 Siege Ram
50:17 Pikeman
52:21 Crop Rotation
52:46 Squires
Jeffrey Epstein
12:21 Feudal Age
12:37 Loom
13:10 Horse Collar
13:19 Double-Bit Axe
20:32 Castle Age
19:05 Stone Mining
19:17 Fletching
21:23 Elite Skirmisher
22:18 Padded Archer Armor
22:50 Heavy Plow
25:16 Bodkin Arrow
26:20 Stone Shaft Mining
26:46 Leather Archer Armor
27:46 Wheelbarrow
26:58 Town Watch
31:42 Bow Saw
32:00 Thumb Ring
34:09 Gold Mining
34:46 Hand Cart
34:33 Town Patrol
35:20 Forging
38:36 Chatras
41:13 Imperial Age
38:07 Pikeman
39:02 Crossbowman
41:35 Imperial Skirmisher
41:38 Arbalester
48:14 Chemistry
48:19 Heavy Cavalry Archer
48:45 Elite Rattan Archer
49:46 Paper Money
50:12 Halberdier
52:32 Hoardings
Connection lost

Rejoining the realm…

Still unreachable

The connection could not be restored.

Session expired

The server has moved on; the page needs a fresh start.